 Dungeon Crawl Stone Soup version 0.29-a0-360-g8ed1089bbe (webtiles) character file.

Game seed: 14959157912245874137

7 timneilson the Shield-Bearer (level 2, 0/19 HPs)
             Began as a Gargoyle Fighter on Apr 29, 2022.
             Slain by a gnoll
             ... wielding a +0 club
              (8 damage)
             ... on level 1 of the Dungeon.
             The game lasted 00:00:44 (110 turns).

timneilson the Shield-Bearer (Gargoyle Fighter)      Turns: 110, Time: 00:00:45

Health: 0/19       AC: 10    Str: 19    XL:     2   Next: 4%
Magic:  2/2        EV:  9    Int:  8    God:
Gold:   14         SH:  4    Dex:  9    Spells: 1/1 levels left

rFire   . . .      SeeInvis .   a - +0 long sword
rCold   . . .      Faith    .   c - +0 buckler
rNeg    + . .      Spirit   .   b - +0 scale mail
rPois   ∞          Reflect  .   (no helmet)
rElec   +          Harm     .   (no cloak)
rCorr   .          Rampage  .   (no gloves)
Will    .....                   e - +0 pair of boots
Stlth   ..........              (no amulet)
HPRegen 0.06/turn               (no ring)
MPRegen 0.08/turn               (no ring)

@: no status effects
A: sickness immunity, AC +2, negative energy resistance 1, electricity
resistance, torment resistance 1, petrification resistance
a: no special abilities


You were on level 1 of the Dungeon.
You visited 1 branch of the dungeon, and saw 1 of its levels.

You collected 14 gold pieces.

Inventory:

Hand Weapons
 a - a +0 long sword (weapon)
Armour
 b - a +0 scale mail (worn)
 c - a +0 buckler (worn)
 e - a +0 pair of boots (worn)
Potions
 d - a potion of might


   Skills:
 + Level 3.3 Fighting
 * Level 2.0 Long Blades
 * Level 3.4 Armour
 + Level 0.1 Dodging
 * Level 3.4 Shields


You had one spell level left.
You didn't know any spells.
Your spell library was empty.

Dungeon Overview and Level Annotations

Branches:
Dungeon (1/15)

Altars:


Innate Abilities, Weirdness & Mutations

You are immune to sickness and miasma.
Your stone body is resilient. (AC +2)
You are immune to poison.
You resist negative energy. (rN+)
You are resistant to electric shocks. (rElec)
You are resistant to unholy torment.
You are immune to petrification.


Message History

You hit the bat.
You kill the bat!
An endoplasm comes into view.
You hit the goblin.
The goblin is moderately wounded.
The goblin hits you but does no damage. The goblin misses you.
You slash the goblin!
You kill the goblin!
Things that are here:
a +0 dagger; a goblin corpse You hit the endoplasm.
The endoplasm is heavily wounded.
The endoplasm freezes you.
You are frozen.
You hit the endoplasm.
The endoplasm is severely wounded.
The endoplasm hits you but does no damage.
The endoplasm hits you.
You hit the endoplasm.
You kill the endoplasm!
A ball python comes into view.
The ball python hisses angrily.
You slash the ball python!
You kill the ball python!
Your Long Blades skill increases to level 2!
You have reached level 2!
A gnoll comes into view. It is wielding a +0 club.
Found a coppery potion.
The gnoll shouts!
Found a stone staircase leading down.
The gnoll drinks a potion.
The gnoll seems to grow stronger.
The gnoll barely misses you.
You hit the gnoll but do no damage. The gnoll hits you with a +0 club.
The gnoll hits you but does no damage.
You barely miss the gnoll. The gnoll hits you with a +0 club!
You hit the gnoll but do no damage. The gnoll barely misses you.
You slash the gnoll!
The gnoll is severely wounded.
The gnoll barely misses you. The gnoll hits you with a +0 club!
You die...

##......#...#P#...#....
#.....#..#.#.#.#.#.#....
#.....#...P.P.P..P......
........#.#)#.#.#.#....
###......#.P.#_#.P.#....
#..>.....#.#.#.#.#.#....
#.........P....PP.......
#........#.#.#P#.#.#....
#......@.#...#.#...#....
......g.#############[##
###+##..................
.###....#.#+####..# .!
#.........# ##.# ...
#.........# #.# ...
...........####.# .P..
.................
..........######.


You could see a gnoll (strong).

Vanquished Creatures
  A ball python (D:1)
  2 bats (D:1)
  An endoplasm (D:1)
  A goblin (D:1)
  A kobold (D:1)
6 creatures vanquished.

Vanquished Creatures (others)
  2 plants (D:1)
2 creatures vanquished.

Grand Total: 8 creatures vanquished

Notes
Turn   | Place    | Note
-------+----------+-------------------------------------------
     0 | D:1      | timneilson the Gargoyle Fighter began the quest for the
                  | Orb.
     0 | D:1      | Reached XP level 1. HP: 14/14 MP: 1/1
    70 | D:1      | Found a faded altar of an unknown god.
    90 | D:1      | Reached XP level 2. HP: 17/19 MP: 2/2
   110 | D:1      | Slain by a gnoll

Illustrated notes

Levels and vault maps discovered:
D:1:      dpeg_arrival_pond, layout_basic,
          shapermc_ecumenical_altar_mp_urbaneastern, nicolae_grassy_gnolls

Skill      XL: |  1 |
---------------+----+-----
Long Blades    | 2 |  2.0
Fighting       | |  3.3
Armour         | |  3.4
Dodging        | |  0.1
Shields        | |  3.4

Action                   || total
-------------------------++-------
Melee: Long sword        ||    25
Armor: Scale mail        ||    22
Dodge: Dodged            ||    18
Block: Buckler           ||     4

Table legend: (Time is in decaauts)
 A = Elapsed time spent in this place.
 B = Non-inter-level travel time spent in this place.
 C = Inter-level travel time spent in this place.
 D = Time resting spent in this place.
 E = Time spent auto-exploring this place.
 F = Levels seen in this place.
 G = Mean time per level.
                   A        B        C        D        E       F      G
               +--------+--------+--------+--------+--------+-----+--------+
         Total |    118 |    118 |      0 |      0 |     43 |   1 |  118.0 |
       Dungeon |    118 |    118 |      0 |      0 |     43 |   1 |  118.0 |
               +--------+--------+--------+--------+--------+-----+--------+

Top non-repeatable levels by time:
     D:1: 118 daAuts
